 Dungeon Crawl Stone Soup version 0.31.0-12-g77e489cdc1 (webtiles) character file.

Game seed: 16770405878017546422

28 KennySheep the Chopper (level 3, -1/33 HPs)
             Began as a Hill Orc Monk on Mar 2, 2024.
             Was a Priest of Jiyva.
             Slain by a black bear (3 damage)
             ... on level 2 of the Dungeon.
             The game lasted 00:01:18 (678 turns).

KennySheep the Chopper (Hill Orc Monk)               Turns: 678, Time: 00:01:18

Health: -1/33      AC:  2    Str: 15    XL:     3   Next: 12%
Magic:  3/3        EV: 12    Int: 10    God:    Jiyva [***...]
Gold:   21         SH:  0    Dex: 13    Spells: 2/2 levels left

rFire   . . .        a - +0 hand axe
rCold   . . .        d - orb {light}
rNeg    . . .        b - +0 robe
rPois   .            (no helmet)
rElec   .            (no cloak)
rCorr   +            (no gloves)
SInv    .            (no boots)
Will    .....        (no amulet)
Stlth   +            (no ring)
HPRegen 1.37/turn    (no ring)
MPRegen 0.64/turn

%: no passive effects
@: glowing
A: no striking features
a: Renounce Religion, Oozemancy


You were on level 2 of the Dungeon.
You worshipped Jiyva.
Jiyva was most pleased with you.
You visited 1 branch of the dungeon, and saw 2 of its levels.

You collected 21 gold pieces.

Inventory:

Hand Weapons
 a - a +0 hand axe (weapon)
Armour
 b - a +0 robe (worn)
 d - an orb of light (worn)
Scrolls
 e - a scroll of blinking {unknown}
 f - a scroll of noise {unknown}
Potions
 c - a potion of ambrosia


   Skills:
 + Level 3.9 Fighting
 * Level 4.5 Axes
 * Level 1.5 Armour
 + Level 2.6 Dodging


You had 2 spell levels left.
You didn't know any spells.
Your spell library contained the following spells:

 Spells                   Type           Power      Damage    Failure   Level
 Inner Flame              Hex/Fire       0%         N/A       75%         3
 Irradiate                Conj/Alch      0%         3d11      100%        5
 Ignition                 Fire           0%         3d3       100%        8


Dungeon Overview and Level Annotations

Branches:
Dungeon (2/15)

Altars:
Jiyva


Message History

The black bear claws you.
You hit the black bear but do no damage.
The black bear bites you. The black bear claws you.
The black bear claws you but does no damage.
You hit the black bear.
The black bear is lightly wounded.
The black bear bites you! The black bear claws you.
The black bear barely misses you.
You completely miss the black bear.
The black bear is lightly wounded.
The black bear bites you but does no damage.
The black bear claws you. x2
The black bear attacks as it pursues you!
The black bear bites you.
The black bear claws you but does no damage.
The black bear claws you.
You hit the black bear.
The black bear is lightly wounded.
The black bear closely misses you. The black bear barely misses you.
The black bear claws you but does no damage.
You hit the black bear.
The black bear is moderately wounded.
The black bear bites you. The black bear claws you.
* * * LOW HITPOINT WARNING * * *
The black bear claws you.
* * * LOW HITPOINT WARNING * * *
Okay, then.
Okay, then.
Okay, then.
You slash the black bear!
The black bear is heavily wounded.
The black bear bites you.
* * * LOW HITPOINT WARNING * * *
The black bear closely misses you. The black bear barely misses you.
You hit the black bear.
The black bear is heavily wounded.
The black bear closely misses you. The black bear claws you.
* * * LOW HITPOINT WARNING * * *
The black bear claws you.
You die...

#.### #######.#.##
... .........#.##
#.#
#######.###.#####.#
#.## ##....#.#
##.###.###.#.#
#..#..###.#.#
#.#....##.#.#######.
#.#.......@h........
#.##...##.#.########
#.###.###.#.# #.#
#.# #.#.#
#.###.###.#.##
#............######
###########.......#
#.####### #...<...#


You could see a black bear.

Vanquished Creatures
  2 dart slugs (D:1)
  An endoplasm (D:1)
  A giant cockroach (D:1)
  A goblin (D:1)
  3 hobgoblins (D:1)
  2 jackals (D:1)
  2 kobolds (D:1)
  A quokka (D:1)
  A ball python (D:1)
  A bat (D:1)
  3 frilled lizards (D:1)
  5 rats (D:1)
23 creatures vanquished.

Vanquished Creatures (others)
  A ball python (D:2)
  A bat (D:2)
  An endoplasm (D:2)
  A giant cockroach (D:2)
4 creatures vanquished.

Grand Total: 27 creatures vanquished

Notes
Turn   | Place    | Note
-------+----------+-------------------------------------------
     0 | D:1      | KennySheep the Hill Orc Monk began the quest for the Orb.
     0 | D:1      | Reached XP level 1. HP: 19/19 MP: 1/1
   123 | D:1      | Reached XP level 2. HP: 27/27 MP: 2/2
   160 | D:1      | Reached skill level 1 in Armour
   357 | D:1      | Reached XP level 3. HP: 33/33 MP: 3/3
   526 | D:1      | Found a faded altar of an unknown god.
   532 | D:1      | Prayed at the altar of an unknown god.
   532 | D:1      | Became a worshipper of Jiyva Jioh the Shapeless
   532 | D:1      | Reached * piety under Jiyva
   532 | D:1      | Reached ** piety under Jiyva
   647 | D:2      | Reached *** piety under Jiyva
   666 | D:2      | Noticed a black bear
   678 | D:2      | Slain by a black bear

Illustrated notes

Levels and vault maps discovered:
D:1:      ncdulo_watergridlock, layout_basic,
          dreamdust_ecumenical_altar_angels_and_demons, grunt_decor_cap,
          st_stairs_10
D:2:      layout_loops_ring, serial_shops, nicolae_lakefront_shop,
          serial_park_tiny_2, uniq_jessica, uniq_terence

Skill      XL: |  1  2 |
---------------+-------+-----
Armour         | 1 |  1.5
Fighting       | |  3.9
Axes           | |  4.5
Dodging        | |  2.6

Action                     || total
---------------------------++-------
  Melee: Hand axe          ||    69
 Armour: Robe              ||    46
  Dodge: Dodged            ||    41
